 Dungeon Crawl Stone Soup version 0.31-a0-703-gcfe89afef6 (webtiles) character file.

Game seed: 14962262072019517909

219 Ofeo the Trooper (level 5, -3/43 HPs)
             Began as a Demonspawn Wanderer on Sept 9, 2023.
             Slain by Edmund
             ... wielding a +2 dire flail of holy wrath
              (13 damage)
             ... on level 4 of the Dungeon.
             The game lasted 00:04:49 (3801 turns).

Ofeo the Trooper (Demonspawn Wanderer)              Turns: 3801, Time: 00:04:49

Health: -3/43      AC:  6    Str: 11    XL:     5   Next: 63%
Magic:  5/6        EV: 10    Int: 16    God:
Gold:   164        SH:  5    Dex: 13    Spells: 5/6 levels left

rFire   + . .        a - +1 dagger
rCold   + . .        e - +0 buckler {AC+3}
rNeg    . . .        c - +0 leather armour
rPois   +            (helmet restricted)
rElec   +            (no cloak)
rCorr   +            (no gloves)
SInv    .            (no boots)
Will    .....        (no amulet)
Stlth   +            (no ring)
HPRegen 0.27/turn    (no ring)
MPRegen 0.10/turn

%: no passive effects
@: resistant
A: antennae 2, demonic magic 1
a: no special abilities


You were on level 4 of the Dungeon.
You visited 1 branch of the dungeon, and saw 4 of its levels.

You collected 164 gold pieces.

Inventory:

Hand Weapons
 a - a +1 dagger (weapon)
Armour
 c - a +0 leather armour (worn)
 d - a +0 robe
 e - a +0 buckler of protection (worn)
Jewellery
 f - a ring of fire
 g - a ring of magical power
Scrolls
 h - a scroll of fear {unknown}
 i - 5 scrolls of identify {@r1}
 j - a scroll of torment {unknown}
 l - a scroll of brand weapon {unknown}
 m - a scroll of blinking {unknown}
 o - a scroll of silence {unknown}
 p - a scroll of noise {unknown}
Potions
 k - a potion of brilliance {unknown}
 n - a potion of ambrosia {unknown}
 q - a potion of curing {@q1}
 r - a potion of resistance {@q6}
 s - a potion of haste {@q3}


   Skills:
 + Level 4.6 Fighting
 - Level 3.6 Shields
 - Level 1.0 Spellcasting
 + Level 3.3 Earth Magic
 - Level 2.0 Evocations


You had 5 spell levels left.
You knew the following spells:

 Your Spells              Type           Power      Damage    Failure   Level
a - Sandblast             Erth           22%        2d7       11%         1

Your spell library contained the following spells:

 Spells                   Type           Power      Damage    Failure   Level
 Wereblood                Tmut           0%         N/A       54%         2
 Stone Arrow              Conj/Erth      12%        3d7       54%         3
 Irradiate                Conj/Tmut      0%         3d11      100%        5
 Conjure Ball Lightning   Conj/Air       0%         3x3d6     100%        6
 Discord                  Hex            0%         N/A       100%        8
 Disjunction              Tloc           0%         N/A       100%        8


Dungeon Overview and Level Annotations

Branches:
Dungeon (4/15)
 Temple: D:4-7

Altars:

Annotations:
D:4 Edmund, Pikel


Innate Abilities, Weirdness & Mutations

You have a pair of antennae on your head.
Spells you cast may paralyse adjacent enemies.


Message History

Level annotation: Pikel
There is a stone staircase leading up here.
There is a stone staircase leading up here.
There is a stone staircase leading up here.
You sense a monster nearby.
Edmund and a quokka come into view.
Edmund is wielding a +2 dire flail of holy wrath.
The quokka moves out of view.
Edmund is nearby!
You closely miss Edmund.
Edmund hits you with a +2 dire flail of holy wrath.
You convulse.
You take 4 damage, and have 39/43 hp.
The blast of sand misses Edmund.
Malevolent energies surge around you.
Edmund suddenly stops moving!
You now have 5/6 mp.
The helpless Edmund fails to defend himself.
You hit Edmund.
Edmund is lightly wounded.
The helpless Edmund fails to defend himself.
You hit Edmund.
Edmund is lightly wounded.
The helpless Edmund fails to defend himself.
You hit Edmund.
Edmund is lightly wounded.
The helpless Edmund fails to defend himself.
You hit Edmund.
Edmund is moderately wounded.
Edmund is no longer paralysed.
Edmund barely misses you.
Edmund hits you with a +2 dire flail of holy wrath!
You convulse!
You take 17 damage, and have 23/43 hp.
MASSIVE DAMAGE!!
It was a potion of resistance.
You feel protected.
r - a potion of resistance;
m - a scroll labelled ENISKU NISODWU Edmund hits you with a +2 dire flail of holy wrath!
* * * LOW HITPOINT WARNING * * *
You convulse!
You die...
Edmund says, "That'll show my brother!"

. .. .###### ..
......
....#!..#######
...!..@..#....#
,#@.#.##.#
#..#...<#
#..####.#
#.......#
#.(.##### #...#
#.... #.#.##
....#


You could see Edmund.

Vanquished Creatures
  Menkaure (D:4)
  Natasha (D:2)
  An adder (D:2)
  A worm (D:3)
  2 dart slugs
  4 endoplasms
  2 giant cockroaches
  4 goblins
  4 hobgoblins
  7 jackals
  4 quokkas (D:1)
  6 ball pythons
  3 bats
  5 frilled lizards
  5 kobolds
  3 rats
53 creatures vanquished.

Vanquished Creatures (collateral kills)
  A giant cockroach (D:2)
1 creature vanquished.

Grand Total: 54 creatures vanquished

Notes
Turn   | Place    | Note
-------+----------+-------------------------------------------
     0 | D:1      | Ofeo the Demonspawn Wanderer began the quest for the Orb.
     0 | D:1      | Ofeo set off with the following items: a +0 dagger, a wand
                  | of flame (7), a +0 robe, a +0 buckler of protection, a
                  | potion of haste {@q3}; and the following spell memorised:
                  | Sandblast; and the following spells available to memorise:
                  | Stone Arrow.
     0 | D:1      | Reached XP level 1. HP: 16/16 MP: 2/2
   352 | D:1      | Found a faded altar of an unknown god.
   426 | D:1      | Gained mutation: Spells you cast may paralyse adjacent
                  | enemies. [demonic ancestry]
   426 | D:1      | Reached XP level 2. HP: 21/23 MP: 3/3
   745 | D:1      | Reached skill level 3 in Fighting
  1411 | D:2      | Gained mutation: You have a pair of small antennae on your
                  | head. [demonic ancestry]
  1411 | D:2      | Reached XP level 3. HP: 29/29 MP: 1/4
  2166 | D:2      | Noticed Natasha
  2205 | D:2      | Killed Natasha
  2206 | D:2      | Reached XP level 4. HP: 34/37 MP: 2/5
  3143 | D:4      | Noticed Menkaure
  3374 | D:4      | Killed Menkaure
  3375 | D:4      | Reached skill level 4 in Fighting
  3375 | D:4      | Gained mutation: You have a pair of antennae on your head.
                  | [demonic ancestry]
  3375 | D:4      | Reached XP level 5. HP: 43/43 MP: 4/6
  3479 | D:4      | Noticed a lemure
  3479 | D:4      | Noticed a lemure
  3479 | D:4      | Noticed Pikel
  3484 | D:4      | Noticed a lemure
  3485 | D:4      | Noticed a lemure
  3499 | D:4      | HP: 2/43 [Pikel/+2 whip of flaming (2)]
  3512 | D:4      | HP: 2/43 [Pikel/+2 whip of flaming (2)]
  3794 | D:4      | Noticed Edmund
  3801 | D:4      | Slain by Edmund

Illustrated notes

Levels and vault maps discovered:
D:1:      dpeg_arrival_rhombus, layout_loops_ring,
          dreamdust_ecumenical_altar_hidden_monk_grotto, minivault_27,
          nrook_uturn, grunt_decor_one_mirror
D:2:      layout_rooms, uniq_natasha
D:3:      layout_loops_ring, minmay_misc_feat_pillars
D:4:      layout_basic, mainiacjoe_overflow_swirl, minmay_misc_feat_room,
          uniq_menkaure, uniq_edmund, uniq_ijyb, uniq_pikel

Skill      XL: |  1  2  3  4 |
---------------+-------------+-----
Fighting       | 3 4 |  4.6
Earth Magic    | 2 3 |  3.3
Shields        | |  3.6
Spellcasting   | |  1.0
Evocations     | |  2.0

Action                     |  1- 3 |  4- 6 || total
---------------------------+-------+-------++-------
  Melee: Dagger            |    65 |    33 ||    98
   Cast: Sandblast         |    39 |    28 ||    67
  Evoke: Wand              |     5 |     7 ||    12
    Use: Scroll            |     4 |       ||     4
         Potion            |       |     3 ||     3
   Stab: Paralysed         |     8 |    10 ||    18
 Armour: Robe              |    10 |       ||    10
         Leather armour    |    49 |    29 ||    78
  Dodge: Dodged            |    44 |    27 ||    71
  Block: Buckler           |    21 |     4 ||    25

Table legend: (Time is in decaauts)
 A = Elapsed time spent in this place.
 B = Non-inter-level travel time spent in this place.
 C = Inter-level travel time spent in this place.
 D = Time resting spent in this place.
 E = Time spent auto-exploring this place.
 F = Levels seen in this place.
 G = Mean time per level.
                   A        B        C        D        E       F      G
               +--------+--------+--------+--------+--------+-----+--------+
         Total |   3820 |   3737 |     83 |    546 |   2712 |   4 |  955.0 |
       Dungeon |   3820 |   3737 |     83 |    546 |   2712 |   4 |  955.0 |
               +--------+--------+--------+--------+--------+-----+--------+

Top non-repeatable levels by time:
     D:1: 1302 daAuts
     D:3: 1294 daAuts
     D:2: 1034 daAuts
     D:4: 188 daAuts
